 Dungeon Crawl Stone Soup version 0.26-a0-1020-ge47f559bc5 (webtiles) character file.

Game seed: 13190448331101622667

139 Gargoyl the Skirmisher (level 5, -4/47 HPs)
             Began as a Gnoll Abyssal Knight on Dec 8, 2020.
             Was a Believer of Lugonu.
             Slain by an orc warrior
             ... wielding a +0 hand axe
              (13 damage)
             ... on level 2 of the Dungeon.
             The game lasted 00:04:33 (3080 turns).

Gargoyl the Skirmisher (Gnoll Abyssal Knight)       Turns: 3080, Time: 00:04:33

Health: -4/47      AC:  9    Str: 15    XL:     5   Next: 22%
Magic:  8/8        EV:  8    Int: 15    God:    Lugonu [**....]
Gold:   94         SH:  0    Dex: 14    Spells: 6/6 levels left

rFire    . . .     SeeInvis .   a - +1 hand axe
rCold    . . .     Faith    .   (no shield)
rNeg     . . .     Spirit   .   i - +0 chain mail
rPois    .         Reflect  .   (helmet restricted)
rElec    .         Harm     .   (no cloak)
rCorr    .         Rampage  .   (no gloves)
Will     .....                  (no boots)
Stlth    ..........             d - amulet of the acrobat
HPRegen  0.15/turn              (no ring)
MPRegen  0.11/turn              (no ring)

@: no status effects
A: distributed training, fangs 1, horns 1, screaming 1, evolution 1, strong nose
a: Depart the Abyss, Bend Space, Renounce Religion


You were on level 2 of the Dungeon.
You worshipped Lugonu.
Lugonu was pleased with you.
You visited 1 branch of the dungeon, and saw 3 of its levels.
You visited the Abyss 1 time.

You collected 94 gold pieces.

Inventory:

Hand Weapons
 a - a +1 hand axe (weapon)
Missiles
 g - 7 poisoned darts (quivered)
Armour
 c - a +0 helmet
 i - a +0 chain mail (worn)
Jewellery
 d - an amulet of the acrobat (around neck)
Scrolls
 e - a scroll of identify
 f - 6 scrolls of teleportation
 j - a scroll of blinking
 k - 3 scrolls of remove curse
Potions
 b - a potion of might {unknown}
 h - 3 potions of flight
 l - a potion of lignification {unknown}


   Skills:
 + Level 6.6 Fighting
 + Level 1.4 Short Blades
 + Level 1.4 Long Blades
 + Level 4.7 Axes
 + Level 1.4 Maces & Flails
 + Level 1.4 Polearms
 + Level 1.4 Staves
 + Level 1.4 Slings
 + Level 1.4 Bows
 + Level 1.4 Crossbows
 + Level 1.4 Throwing
 + Level 4.7 Armour
 + Level 2.9 Dodging
 + Level 1.4 Stealth
 + Level 1.4 Shields
 + Level 1.4 Unarmed Combat
 + Level 1.4 Spellcasting
 + Level 1.1 Conjurations
 + Level 1.1 Hexes
 + Level 1.1 Summonings
 + Level 1.1 Necromancy
 + Level 1.1 Translocations
 + Level 1.1 Transmutations
 + Level 1.1 Fire Magic
 + Level 1.1 Ice Magic
 + Level 1.1 Air Magic
 + Level 1.1 Earth Magic
 + Level 1.1 Poison Magic
 + Level 4.8 Invocations
 + Level 1.4 Evocations


You had 6 spell levels left.
You didn't know any spells.
Your spell library was empty.

Dungeon Overview and Level Annotations

Branches:
Dungeon (3/15)

Altars:
Qazlal
Wu Jian
Zin


Innate Abilities, Weirdness & Mutations

Your experience applies equally to all skills.
You have very sharp teeth.
Your uncanny sense of smell can sniff out nearby items.
You have a pair of small horns on your head.
You occasionally shout uncontrollably at your foes.
You evolve.


Message History

The orc warrior looks more healthy.
Throw: 10 darts (poison)
Press: ? - help, Q - select action, (/) - cycle Shift-Dir - straight line, f/p - orc warrior
Aim: an orc warrior, wielding a +0 hand axe and wearing a +0 chain mail (heavily wounded)
You throw a poisoned dart.
The poisoned dart barely misses the orc warrior.
Throw: 9 darts (poison)
Press: ? - help, Q - select action, (/) - cycle Shift-Dir - straight line, f/p - orc warrior
Aim: an orc warrior, wielding a +0 hand axe and wearing a +0 chain mail (heavily wounded)
You throw a poisoned dart. The poisoned dart hits the orc warrior.
The orc warrior is heavily wounded.
The orc warrior hits you with a +0 hand axe!
* * * LOW HITPOINT WARNING * * *
Throw: 8 darts (poison)
Press: ? - help, Q - select action, (/) - cycle Shift-Dir - straight line, f/p - orc warrior
Aim: an orc warrior, wielding a +0 hand axe and wearing a +0 chain mail (heavily wounded)
You throw a poisoned dart. The poisoned dart hits the orc warrior.
The orc warrior is heavily wounded.
The orc warrior hits you with a +0 hand axe!
You die...

##>## #...............#.##..##..
##### ####.#.....#..#.###....##.
#..#######.#.###.#..#.#...##..##
##.#..........###.#..#.#.###...##
.#.#..............#..#.###...###.
.#.#..........#####..#.#...###...
.#.########.#........#.#.###.....
.#.# #.########.#.#'#......# .#.#
#(...o@....#.#......###
)#.###################......###..
.#.....................#..###...#
.#.##############################
_..# #.......... .### #.#########
.# #.# .# #.# .# #.#


You could see an orc warrior.

Vanquished Creatures
  3 gnolls
  3 adders (D:2)
  2 oozes
  3 worms (D:2)
  2 dart slugs
  A leopard gecko (D:2)
  3 orcs (D:3)
  2 bats (D:1)
  2 giant cockroaches (D:2)
  8 goblins
  7 hobgoblins
  3 jackals (D:1)
  3 kobolds (D:2)
  2 quokkas (D:2)
  A ball python (D:3)
  6 frilled lizards
  9 rats
60 creatures vanquished.

Notes
Turn   | Place    | Note
-------+----------+-------------------------------------------
     0 | Abyss:1  | Gargoyl the Gnoll Abyssal Knight began the quest for the
                  | Orb.
     0 | Abyss:1  | Reached XP level 1. HP: 23/23 MP: 3/3
     9 | Abyss:1  | Gained mutation: You occasionally shout uncontrollably at
                  | your foes. [potion of mutation]
     9 | Abyss:1  | Gained mutation: You evolve. [potion of mutation]
    10 | Abyss:1  | Found a burning altar of Makhleb.
    79 | Abyss:1  | Noticed a small abomination
   104 | Abyss:1  | Found a corrupted altar of Lugonu.
   156 | Abyss:1  | Noticed a tormentor
   159 | Abyss:1  | Noticed a small abomination
   161 | D:1      | Escaped the Abyss
   506 | D:1      | Reached * piety under Lugonu
   537 | D:1      | Reached XP level 2. HP: 27/29 MP: 5/5
  1059 | D:1      | Reached XP level 3. HP: 35/35 MP: 6/6
  1357 | D:2      | Found an ornate altar of the Wu Jian Council.
  1606 | D:2      | Found a glowing silver altar of Zin.
  1700 | D:2      | Reached skill level 1 in Short Blades
  1700 | D:2      | Reached skill level 1 in Long Blades
  1700 | D:2      | Reached skill level 1 in Maces & Flails
  1700 | D:2      | Reached skill level 1 in Polearms
  1700 | D:2      | Reached skill level 1 in Staves
  1700 | D:2      | Reached skill level 1 in Slings
  1700 | D:2      | Reached skill level 1 in Bows
  1700 | D:2      | Reached skill level 1 in Crossbows
  1700 | D:2      | Reached skill level 1 in Throwing
  1700 | D:2      | Reached skill level 1 in Stealth
  1700 | D:2      | Reached skill level 1 in Shields
  1700 | D:2      | Reached skill level 1 in Unarmed Combat
  1700 | D:2      | Reached skill level 1 in Spellcasting
  1700 | D:2      | Reached skill level 1 in Evocations
  1705 | D:2      | Reached XP level 4. HP: 41/41 MP: 7/7
  2310 | D:2      | Reached ** piety under Lugonu
  2316 | D:2      | Reached skill level 1 in Conjurations
  2316 | D:2      | Reached skill level 1 in Hexes
  2316 | D:2      | Reached skill level 1 in Summonings
  2316 | D:2      | Reached skill level 1 in Necromancy
  2316 | D:2      | Reached skill level 1 in Translocations
  2316 | D:2      | Reached skill level 1 in Transmutations
  2316 | D:2      | Reached skill level 1 in Fire Magic
  2316 | D:2      | Reached skill level 1 in Ice Magic
  2316 | D:2      | Reached skill level 1 in Air Magic
  2316 | D:2      | Reached skill level 1 in Earth Magic
  2316 | D:2      | Reached skill level 1 in Poison Magic
  2326 | D:2      | Found a stormy altar of Qazlal.
  2541 | D:2      | Gained mutation: You have a pair of small horns on your
                  | head. [evolution]
  2883 | D:3      | Noticed an orc warrior
  2893 | D:3      | Reached XP level 5. HP: 33/47 MP: 8/8
  3080 | D:2      | Slain by an orc warrior

Illustrated notes

Levels and vault maps discovered:
D:1:      minmay_arrival_split_and_join, layout_basic, grunt_decor_one_mirror,
          minmay_misc_feat_rugged
D:2:      minmay_razor_zed, layout_basic, zin_treasury, lemuel_crystal_altar,
          nicolae_overflow_hidden_temple
D:3:      cheibrodos_helix_gallery, layout_basic

Skill      XL: |  1  2  3  4 |
---------------+-------------+-----
Short Blades   | 1 |  1.4
Long Blades    | 1 |  1.4
Maces & Flails | 1 |  1.4
Polearms       | 1 |  1.4
Staves         | 1 |  1.4
Slings         | 1 |  1.4
Bows           | 1 |  1.4
Crossbows      | 1 |  1.4
Throwing       | 1 |  1.4
Stealth        | 1 |  1.4
Shields        | 1 |  1.4
Unarmed Combat | 1 |  1.4
Spellcasting   | 1 |  1.4
Evocations     | 1 |  1.4
Conjurations   | 1 |  1.1
Hexes          | 1 |  1.1
Summonings     | 1 |  1.1
Necromancy     | 1 |  1.1
Translocations | 1 |  1.1
Transmutations | 1 |  1.1
Fire Magic     | 1 |  1.1
Ice Magic      | 1 |  1.1
Air Magic      | 1 |  1.1
Earth Magic    | 1 |  1.1
Poison Magic   | 1 |  1.1
Fighting       | |  6.6
Axes           | |  4.7
Armour         | |  4.7
Dodging        | |  2.9
Invocations    | |  4.8

Action                   |  1- 3 |  4- 6 || total
-------------------------+-------+-------++-------
Melee: Hand axe          |    95 |    70 ||   165
       Bite              |    15 |     6 ||    21
       Headbutt          |       |     4 ||     4
Throw: Dart              |     7 |     9 ||    16
Invok: Depart the Abyss  |     1 |       ||     1
       Bend Space        |       |     3 ||     3
  Use: Scroll            |     8 |     1 ||     9
       Potion            |     1 |       ||     1
 Stab: Sleeping          |     1 |       ||     1
Armor: Leather armour    |    20 |       ||    20
       Chain mail        |     5 |    36 ||    41
Dodge: Dodged            |    67 |    39 ||   106

Table legend: (Time is in decaauts)
 A = Elapsed time spent in this place.
 B = Non-inter-level travel time spent in this place.
 C = Inter-level travel time spent in this place.
 D = Time resting spent in this place.
 E = Time spent auto-exploring this place.
 F = Levels seen in this place.
 G = Mean time per level.
                   A        B        C        D        E       F      G
               +--------+--------+--------+--------+--------+-----+--------+
         Total |   3091 |   2920 |    171 |    340 |   1998 |   4 |  772.8 |
       Dungeon |   2930 |   2759 |    171 |    340 |   1891 |   3 |  976.7 |
         Abyss |    161 |    161 |      0 |      0 |    107 |   1 |  161.0 |
               +--------+--------+--------+--------+--------+-----+--------+

Top non-repeatable levels by time:
     D:2: 1754 daAuts
     D:1: 1070 daAuts
 Abyss:1: 161 daAuts
     D:3: 105 daAuts
